 Dungeon Crawl Stone Soup version 0.29.0-5-ge4962eb29e (webtiles) character file.

Game seed: 5475097798234724162

8688 Arcadio the Fighter (level 11, -1/101 HPs)
             Began as a Red Draconian Artificer on Aug 29, 2022.
             Was an Elder of Qazlal.
             Killed from afar by a white imp (12 damage)
             ... with a puff of frost
             ... summoned by a kobold demonologist
             ... on level 10 of the Dungeon.
             The game lasted 00:35:02 (13929 turns).

Arcadio the Fighter (Red Draconian Artificer)      Turns: 13929, Time: 00:35:03

Health: -1/101     AC:  3    Str: 19      XL:     11   Next: 13%
Magic:  14/14      EV: 15    Int: 10 (12) God:    Qazlal [****..]
Gold:   382        SH:  5    Dex: 11      Spells: 10/10 levels left

rFire   + . .      SeeInvis .   n - +4 great sword
rCold   . . .      Faith    .   (shield currently unavailable)
rNeg    . . .      Spirit   .   (body armour unavailable)
rPois   .          Reflect  .   (helmet restricted)
rElec   .          Harm     .   (no cloak)
rCorr   .          Rampage  .   (no gloves)
Will    .....                   (no boots)
Stlth   +.........              (no amulet)
HPRegen 0.26/turn               G - +4 ring of slaying
MPRegen 0.14/turn               (no ring)

@: corroded, repel missiles
A: breathe fire, AC +7, unfitting armour, fire resistance 1, cold-blooded,
stinger 1
a: Breathe Fire, Renounce Religion, Upheaval, Elemental Force


You were on level 10 of the Dungeon.
You worshipped Qazlal.
Qazlal was greatly pleased with you.
You visited 2 branches of the dungeon, and saw 11 of its levels.

You collected 478 gold pieces.
You spent 96 gold pieces at shops.

Inventory:

Hand Weapons
 a - a +0 club
 g - a +0 whip
 i - a +0 flail
 n - a +4 great sword (weapon)
 o - a +0 vampiric dagger
 v - a +2 dagger of venom
 x - a +2 vorpal quarterstaff
 y - a +1 mace of draining
 H - a +3 scimitar
Missiles
 z - a throwing net
Jewellery
 d - a +6 ring of intelligence
 E - an amulet of reflection
 G - a +4 ring of slaying (left hand)
Wands
 c - a wand of charming (14)
 I - a wand of paralysis (4)
 K - a wand of polymorph (7)
 L - a wand of roots (5)
Scrolls
 f - 2 scrolls of fear {unknown}
 h - a scroll of brand weapon {unknown}
 l - a scroll of amnesia {unknown}
 m - 2 scrolls of identify
 q - 2 scrolls of teleportation
 u - 2 scrolls of poison
 w - a scroll of vulnerability {unknown}
 A - a scroll of summoning
 M - a scroll of immolation {unknown}
Potions
 e - 3 potions of heal wounds
 j - 2 potions of brilliance
 k - 2 potions of mutation
 p - 5 potions of curing
 r - 2 potions of ambrosia
 s - 2 potions of resistance
 t - a potion of haste
 B - 3 potions of flight {unknown}
 C - a potion of lignification
 D - 3 potions of attraction
 F - a potion of might
 J - a potion of cancellation {unknown}


   Skills:
 + Level 10.5 Fighting
 + Level 9.1 Dodging
 - Level 2.7 Stealth
 + Level 4.8 Invocations
 + Level 10.1 Evocations


You had 10 spell levels left.
You didn't know any spells.
Your spell library contained the following spells:

 Spells                   Type           Power      Damage    Failure   Level
 Magic Dart               Conj           0%         1d3       36%         1
 Necrotise                Necr           0%         1d4       36%         1
 Searing Ray              Conj           0%         2d4       50%         2
 Confusing Touch          Hex            0%         N/A       75%         3
 Vampiric Draining        Necr           0%         2d6       75%         3
 Airstrike                Air            0%         2d(0-16)  98%         4
 Fulminant Prism          Conj/Hex       0%         3d6       98%         4
 Summon Lightning Spire   Summ/Air       0%         N/A       98%         4
 Agony                    Necr           0%         N/A       100%        5
 Lightning Bolt           Conj/Air       0%         1d11      100%        5
 Yara's Violent Unravell  Hex/Tmut       0%         3d3       100%        5
 Enfeeble                 Hex            0%         N/A       100%        7
 Malign Gateway           Summ/Tloc      0%         N/A       100%        7
 Summon Horrible Things   Summ           0%         N/A       100%        8


Dungeon Overview and Level Annotations

Branches:
Dungeon (10/15) Zot: 25792  Temple (1/1) D:4 Zot: 5868    Lair (0/5) D:10
    Orc: D:9-12

Altars:
Ashenzari
Cheibriados
Dithmenos
Elyvilon
Fedhas
Gozag
Hepliaklqana
Kikubaaqudgha
Makhleb
Nemelex Xobeh
Okawaru
Qazlal
Ru
Sif Muna
Trog
Uskayaw
Vehumet
Wu Jian
Xom
Yredelemnul
Zin
The Shining One

Shops:
D:5 !

Annotations:
D:5 2 transporters, sanka's ghost, weakling MeDe


Innate Abilities, Weirdness & Mutations

You can breathe blasts of fire.
Your fiery red scales are hard. (AC +7)
You cannot fit into any form of body armour.
Your flesh is heat resistant. (rF+)
You are cold-blooded and may be slowed by cold attacks.
Your tail ends in a venomous barb.


Message History

The kobold demonologist misses you.
You closely miss the kobold demonologist.
Your tail-slap misses the kobold demonologist.
The kobold demonologist is severely wounded.
The kobold demonologist looks more healthy.
The ice devil barely misses you. You block the quasit's attack.
The quasit barely misses you. The quasit misses you.
The white imp gestures at you. The puff of frost hits you!
The kobold demonologist hits you but does no damage.
The ice devil hits you. The ice devil freezes you!!
You feel yourself slow down. The white imp barely misses you.
The quasit barely misses you. The quasit closely misses you.
The quasit claws you but does no damage.
You closely miss the kobold demonologist.
The kobold demonologist is severely wounded.
You feel yourself speed up.
The quasit bites you but does no damage.
The quasit claws you but does no damage.
The quasit barely misses you.
The kobold demonologist hits you but does no damage.
You block the rust devil's attack. The ice devil closely misses you.
The white imp gestures at you. The puff of frost hits you.
You block the quasit's attack. The quasit misses you.
The quasit completely misses you.
The kobold demonologist closely misses you.
The rust devil barely misses you. The ice devil hits you!
The ice devil freezes you!!
* * * LOW HITPOINT WARNING * * *
The white imp closely misses you.
The quasit bites you but does no damage.
The quasit claws you but does no damage.
The quasit closely misses you.
The kobold demonologist gestures wildly while chanting.
The rust devil hits you.
* * * LOW HITPOINT WARNING * * *
The rust devil corrodes you! The ice devil closely misses you.
The white imp gestures at you. The puff of frost hits you!
You die...

#.....##......##..#..#4.
#.##....5K..............
#.##.####....###########
#.##.#..######
#.##§#...#..############
#)##.#...#..#...........
#....#.5##..'.........##
#5..##5K##..#...........
#5..#.4@##..#......?....
#.#.#54.5☼..#.####......
#...#..§.○..#.####......
#...######..#........#..
#........####...........
#.#..###.....[....######
#....###..##......#..#..
#.................'..#..
#...##+######.###.#..#..


You could see an ice devil (summoned), a rust devil (summoned), a kobold
demonologist, 2 quasits, a crimson imp (summoned) and a white imp (summoned,
expiring).

Vanquished Creatures
  4 two-headed ogres
  Pikel (D:7)
  Joseph (D:7)
  A troll (D:8)
  A hornet (D:7)
  9 yaks
  Sigmund (D:3)
  A wyvern (D:8)
  A wraith (D:8)
  A steam dragon (D:7)
  An orc warrior (D:9)
  A sky beast (D:5)
  2 ice beasts
  2 ogres
  3 centaurs
  4 phantoms (D:5)
  3 kobold brigands
  A necrophage (D:6)
  A gnoll sergeant (D:7)
  3 scorpions
  3 bullfrogs
  4 wights
  5 killer bees (D:10)
  3 howler monkeys (D:9)
  7 orc priests
  2 jellies (D:4)
  6 hounds
  4 iguanas
  4 orc wizards
  Natasha (thrice) (D:3)
  A mummy (D:7)
  Robin (D:3)
  8 gnolls (D:7)
  7 adders
  2 shadow imps
  3 ufetubi
  2 worms
  A dart slug (D:4)
  24 orcs
  6 bats
  5 endoplasms
  17 goblins
  6 hobgoblins
  5 jackals
  19 kobolds
  A quokka (D:5)
  8 ball pythons
  A frilled lizard (D:2)
  5 rats
205 creatures vanquished.

Vanquished Creatures (others)
  A wight (D:6)
  2 plants (D:1)
3 creatures vanquished.

Grand Total: 208 creatures vanquished

Notes
Turn   | Place    | Note
-------+----------+-------------------------------------------
     0 | D:1      | Arcadio the Draconian Artificer began the quest for the
                  | Orb.
     0 | D:1      | Reached XP level 1. HP: 16/16 MP: 1/1
   310 | D:1      | Reached skill level 1 in Stealth
   786 | D:1      | Reached XP level 2. HP: 23/23 MP: 2/2
  1652 | D:2      | Reached XP level 3. HP: 13/29 MP: 3/3
  1857 | D:2      | Found a faded altar of an unknown god.
  1883 | D:2      | Prayed at the altar of an unknown god.
  1883 | D:2      | Became a worshipper of Qazlal Stormbringer
  1883 | D:2      | Reached * piety under Qazlal
  2333 | D:3      | Noticed Robin
  2623 | D:3      | Killed Robin
  2778 | D:3      | Reached XP level 4. HP: 25/37 MP: 4/4
  3039 | D:3      | Noticed Sigmund
  3671 | D:4      | Noticed an ogre
  3695 | D:4      | Killed an ogre
  3695 | D:4      | Reached ** piety under Qazlal
  3696 | D:4      | Reached XP level 5. HP: 44/44 MP: 5/5
  4270 | D:4      | Found a staircase to the Ecumenical Temple.
  4279 | Temple   | Entered the Ecumenical Temple
  4757 | D:5      | Entered Level 5 of the Dungeon
  4987 | D:5      | Reached XP level 6. HP: 35/51 MP: 6/6
  5676 | D:3      | Noticed Natasha
  5679 | D:3      | Killed Natasha
  5796 | D:3      | Noticed Natasha
  5799 | D:3      | Killed Sigmund
  5799 | D:3      | Killed Natasha
  5814 | D:3      | Noticed Natasha
  5819 | D:3      | Killed Natasha
  5820 | D:3      | Your scales start taking on a fiery red colour.
  5820 | D:3      | Reached XP level 7. HP: 60/60 MP: 7/7
  5820 | D:3      | Gained mutation: Your flesh is heat resistant. (rF+) [Red
                  | Draconian growth]
  5865 | D:5      | Noticed sanka's ghost (weakling MeDe)
  5865 | D:5      | Found a transporter.
  5874 | D:4      | Reached skill level 5 in Evocations
  6155 | D:5      | Found a transporter.
  6235 | D:5      | Reached skill level 5 in Fighting
  6803 | D:5      | Reached skill level 5 in Dodging
  6953 | D:5      | Reached XP level 8. HP: 10/69 MP: 8/8
  7994 | D:5      | Found Adets's Distillery.
  7999 | D:5      | Bought a potion of might for 48 gold pieces
  7999 | D:5      | Bought a potion of degeneration for 12 gold pieces
  7999 | D:5      | Bought a potion of curing for 36 gold pieces
  8212 | D:6      | Reached *** piety under Qazlal
  8642 | D:6      | You fall into a shaft and drop 3 floors!
  8665 | D:9      | Noticed a troll
  9008 | D:7      | Noticed a two-headed ogre
  9012 | D:7      | Found a white marble altar of Elyvilon.
  9013 | D:7      | Found a blossoming altar of Fedhas.
  9019 | D:7      | Found a sparkling altar of Nemelex Xobeh.
  9020 | D:7      | Found a hide-covered altar of Uskayaw.
  9021 | D:7      | Found an iron altar of Okawaru.
  9023 | D:7      | Found a radiant altar of Vehumet.
  9038 | D:6      | Reached XP level 9. HP: 30/73 MP: 9/9
  9573 | D:7      | Paralysed by a hornet for 2 turns
  9595 | D:7      | Found a sand-covered staircase.
  9745 | D:7      | Noticed Pikel
  9752 | D:7      | Killed Pikel
  9752 | D:7      | Reached **** piety under Qazlal
  9762 | D:7      | Noticed Joseph
  9917 | D:7      | Killed Joseph
 10430 | D:7      | Killed a two-headed ogre
 10431 | D:7      | Reached XP level 10. HP: 54/91 MP: 10/10
 10673 | D:7      | Found a stormy altar of Qazlal.
 10677 | D:7      | Found a shimmering altar of Xom.
 11194 | D:8      | Noticed a two-headed ogre
 11203 | D:8      | Killed a two-headed ogre
 12169 | D:9      | Noticed a two-headed ogre
 12174 | D:9      | Reached skill level 10 in Fighting
 12714 | D:9      | Killed a two-headed ogre
 12745 | D:10     | Entered Level 10 of the Dungeon
 12806 | D:10     | Reached ***** piety under Qazlal
 12865 | D:10     | Reached XP level 11. HP: 73/101 MP: 14/14
 13088 | D:10     | Noticed a two-headed ogre
 13117 | D:10     | Killed a two-headed ogre
 13118 | D:10     | Reached skill level 10 in Evocations
 13192 | D:10     | Noticed a two-headed ogre
 13262 | D:10     | Gained mutation: Your tail ends in a venomous barb. [a
                  | neqoxec]
 13272 | D:10     | Noticed a sun demon
 13863 | D:10     | Found a staircase to the Lair.
 13929 | D:10     | Killed from afar by a white imp

Illustrated notes

Levels and vault maps discovered:
D:1:      dpeg_arrival_pits, layout_loops_ring, chequers_big_river
D:2:      layout_rooms, hellmonk_ecumenical_altar_leap_of_faith
D:3:      layout_basic, uniq_natasha, uniq_robin, uniq_sigmund
D:4:      nicolae_cairo_tiling_large_dashed, layout_cave_pools,
          chequers_serial_rivers_small_b, grunt_decor_cap
D:5:      layout_basic, serial_shops, kennysheep_little_box,
          gammafunk_ghost_stat_death, minmay_fractal_squares_5
D:6:      layout_gridville, uniq_eustachio
D:7:      layout_basic, nicolae_overflow_hallway_of_the_gods, enter_bailey_6,
          gup_ossuary_entry_pyramid, uniq_pikel, uniq_joseph
D:8:      layout_loops_ring
D:9:      layout_rooms, serial_corexii_hall, corexii_hall_statues_t,
          chequers_hall_statues_corner_a
D:10:     layout_stronghold, lair_entry_dummy
Temple:   nicolae_temple_superstar

Skill      XL: |  1  2  3  4  5  6  7  8  9 10 11 |
---------------+----------------------------------+-----
Stealth        | 1 2 |  2.7
Fighting       | 2 3 4 5 7 9 10 | 10.5
Dodging        | 3 4 5 6 8 9 |  9.1
Evocations     | 4 5 7 8 9 10 | 10.1
Invocations    | 4 |  4.8

Action                   |  1- 3 |  4- 6 |  7- 9 | 10-12 || total
-------------------------+-------+-------+-------+-------++-------
Melee: Club              |    19 |       |       |       ||    19
       Whip              |     9 |       |       |       ||     9
       Tailslap          |    14 |    14 |    29 |    14 ||    71
       Flail             |   123 |   105 |       |       ||   228
       Punch             |     2 |     1 |       |       ||     3
       Quarterstaff      |       |     5 |   156 |       ||   161
       Great sword       |       |       |    60 |    92 ||   152
Invok: Elemental Force   |       |       |       |     2 ||     2
 Abil: Breathe Fire      |       |       |    34 |    20 ||    54
Evoke: Wand              |       |     8 |    12 |    13 ||    33
  Use: Potion            |       |     2 |     3 |       ||     5
       Scroll            |       |       |    15 |     2 ||    17
Armor: Skin              |    72 |    39 |    58 |    36 ||   205
Dodge: Dodged            |   121 |    93 |   178 |   121 ||   513
       Repelled          |       |       |     1 |       ||     1
Block: Other             |     3 |    15 |    57 |    31 ||   106
